 Dungeon Crawl Stone Soup version 0.30.0-29-ga12c61a403 (webtiles) character file.

Game seed: 4489210733403929635

45 LustLizard the Gusty (level 3, -4/23 HPs)
             Began as an Octopode Air Elementalist on June 24, 2023.
             Slain by Ijyb
             ... wielding a +0 club
              (7 damage)
             ... on level 3 of the Dungeon.
             The game lasted 00:01:41 (2004 turns).

LustLizard the Gusty (Octopode Air Elementalist)    Turns: 2004, Time: 00:01:42

Health: -4/23      AC:  1    Str:  9    XL:     3   Next: 64%
Magic:  0/6        EV: 13    Int: 17    God:
Gold:   67         SH:  0    Dex: 12    Spells: 5/6 levels left

rFire   . . .        (no weapon)
rCold   . . .        (no shield)
rNeg    . . .        (helmet restricted)
rPois   .            (no amulet)
rElec   .            (no ring)
rCorr   .            (no ring)
SInv    .            (no ring)
Will    .....        (no ring)
Stlth   +++          (no ring)
HPRegen 0.23/turn    (no ring)
MPRegen 0.10/turn    (no ring)
                     (no ring)

%: no passive effects
@: no status effects
A: almost no armour, amphibious, 8 rings, camouflage 1, gelatinous body 1,
(nimble swimmer 1), tentacles
a: no special abilities


You were on level 3 of the Dungeon.
You visited 1 branch of the dungeon, and saw 3 of its levels.

You collected 67 gold pieces.

Inventory:

Scrolls
 c - a scroll of identify {unknown}
 d - a scroll of teleportation
 h - a scroll of acquirement {unknown}
 i - a scroll of noise {unknown}
Potions
 a - 2 potions of magic
 b - a potion of degeneration {unknown}
 e - 2 potions of brilliance {unknown}
 g - a potion of attraction {unknown}
 j - a potion of haste {unknown}


   Skills:
 + Level 1.1 Fighting
 - Level 2.0 Dodging
 + Level 3.3 Stealth
 + Level 2.3 Spellcasting
 + Level 1.5 Conjurations
 * Level 3.5 Air Magic


You had 5 spell levels left.
You knew the following spells:

 Your Spells              Type           Power      Damage    Failure   Level
a - Shock                 Conj/Air       40%        1d5       7%          1

Your spell library contained the following spells:

 Spells                   Type           Power      Damage    Failure   Level
 Static Discharge         Conj/Air       20%        2-3/arc   10%         2
 Swiftness                Air            14%        N/A       13%         3
 Airstrike                Air            7%         2d(1-17)  41%         4


Dungeon Overview and Level Annotations

Branches:
Dungeon (3/15)

Altars:

Annotations:
D:3 Ijyb


Innate Abilities, Weirdness & Mutations

You cannot wear most types of armour.
You are amphibious.
You can wear up to eight rings at the same time.
Your skin changes colour to match your surroundings (Stealth+).
Your rubbery body absorbs attacks. (AC +1, EV +1)
((You are camouflaged when in or above water. (Stealth+)))
You have tentacles for arms and can constrict up to eight enemies at once.


Message History

You miscast Shock.
You are very lightly contaminated with residual magic.
Nothing appears to happen.
You tentacle-slap Ijyb but do no damage.
Your grab misses Ijyb.
Ijyb is moderately wounded.
Ijyb misses you.
You closely miss Ijyb. Your grab misses Ijyb. Your squeeze misses Ijyb.
Ijyb is moderately wounded.
Ijyb hits you with a +0 club.
You closely miss Ijyb. Your grab misses Ijyb.
Ijyb is moderately wounded.
Ijyb screams, "I dance on your bones!" Ijyb hits you with a +0 club!
You barely miss Ijyb. Your grab misses Ijyb. You squeeze Ijyb.
Ijyb is moderately wounded.
Ijyb closely misses you.
You barely miss Ijyb. Your grab misses Ijyb.
Ijyb is moderately wounded.
Ijyb hits you with a +0 club.
Aiming: Shock (safe; 7% risk of failure)
Press: ? - help, Q - select action Shift-Dir - straight line, f/p - Ijyb
Aim: Ijyb, wielding a +0 club, wearing a +0 scale mail and carrying a wand of digging (4) (moderately wounded, 64% to hit)
The zap hits Ijyb.
Ijyb is heavily wounded.
Ijyb hits you with a +0 club.
Your magical contamination has completely faded away.
You tentacle-slap Ijyb but do no damage.
Your grab misses Ijyb.
Ijyb is heavily wounded.
Ijyb hits you with a +0 club.
* * * LOW HITPOINT WARNING * * *
You tentacle-slap Ijyb but do no damage.
You grab Ijyb. You squeeze Ijyb.
Ijyb is severely wounded.
You constrict Ijyb. Ijyb closely misses you.
You tentacle-slap Ijyb.
Ijyb is severely wounded.
You constrict Ijyb, but do no damage. Ijyb hits you with a +0 club!
You die...

#..#..#
#..#..#
#..#..###
#..#....#
#..##.#.#
#.......#
#...###.#
#...# #.#
#..@# #.#
#.g.# #<#
......# ###
.......#$
.......#.#
.....#....
#......#.##
####### .#


You could see Ijyb.

Vanquished Creatures
  A gnoll (D:1)
  An adder (D:2)
  2 ball pythons (D:1)
  An endoplasm (D:2)
  2 giant cockroaches (D:1)
  4 goblins (D:2)
  2 hobgoblins (D:1)
  2 jackals (D:1)
  3 bats
  A frilled lizard (D:2)
  5 kobolds
  3 rats
27 creatures vanquished.

Notes
Turn   | Place    | Note
-------+----------+-------------------------------------------
     0 | D:1      | LustLizard the Octopode Air Elementalist began the quest
                  | for the Orb.
     0 | D:1      | Reached XP level 1. HP: 11/11 MP: 3/3
   329 | D:1      | Reached XP level 2. HP: 13/18 MP: 0/5
   766 | D:1      | Reached XP level 3. HP: 13/22 MP: 0/6
  1242 | D:2      | Reached skill level 1 in Fighting
  1428 | D:2      | Found a faded altar of an unknown god.
  1989 | D:3      | Noticed Ijyb
  2004 | D:3      | Slain by Ijyb

Illustrated notes

Levels and vault maps discovered:
D:1:      dpeg_arrival_shelter, layout_loops_cross, st_stairs_12
D:2:      layout_basic, hellmonk_ecumenical_altar_leap_of_faith,
          bh_walls_and_bars
D:3:      layout_basic, serial_rivers, chequers_serial_rivers_room_b,
          chequers_serial_rivers_large_b, chequers_serial_rivers_micro_e,
          chequers_serial_rivers_small_b, chequers_serial_rivers_micro_e,
          minmay_misc_feat_diagonals, uniq_sigmund, uniq_ijyb

Skill      XL: |  1  2  3 |
---------------+----------+-----
Stealth        | 3 |  3.3
Fighting       | 1 |  1.1
Dodging        | |  2.0
Spellcasting   | |  2.3
Conjurations   | |  1.5
Air Magic      | |  3.5

Action                     || total
---------------------------++-------
  Melee: Unarmed           ||    19
         Tentacles         ||     4
         Constrict         ||     2
   Cast: Shock             ||    66
    Use: Scroll            ||     2
 Armour: Skin              ||     1
  Dodge: Dodged            ||    14
